General information
- name: BNet
- type: Ladder team game (AT/RT)
- host: Battle.net
- saver: JinDiner
map: Feralas_LV
- players: 8
- length: 38:25
- speed: Fast
- version: 1.29 W3XP
- replay type: Public
» download(426 KB)
Players
team 1 (loser)
ShaggyDI (
blue | 41 APM | 1247 actions | 30:21)
5 Mountain King
3 Storm Bolt
2 Bash
3 Paladin
1 Holy Light
2 Divine Shield
» actions
| Assign group hotkey | 1 | |
| Basic commands | 36 | |
| Build / train | 107 | |
| ESC pressed | 8 | |
| Enter build submenu | 28 | |
| Enter hero's abilities submenu | 8 | |
| Give item / drop item | 3 | |
| Remove unit from queue | 1 | |
| Right click | 483 | |
| Select / deselect | 462 | |
| Select group hotkey | 7 | |
| Use ability | 101 | |
1247 total
» units
| Peasant | 23 | |
| Rifleman | 17 | |
| Forest Troll Shadow Priest | 1 | |
| Siege Engine | 8 | |
| Mortar Team | 8 | |
57 total
» upgrades
| Gunpowder | 3 | |
| Armor | 3 | |
| Masonry | 3 | |
| Lumber Harvesting | 2 | |
| Long Rifles | 1 | |
| Barrage | 1 | |
| Plating | 1 | |
| Fragmentation Shards | 1 | |
| Flare | 1 | |
16 total
» buildings
| Blacksmith | 1 | |
| Farm | 13 | |
| Altar of Kings | 1 | |
| Barracks | 1 | |
| Town Hall | 1 | |
| Arcane Vault | 1 | |
| Lumber Mill | 1 | |
| Keep | 1 | |
| Scout Tower | 11 | |
| Guard Tower | 4 | |
| Castle | 1 | |
| Workshop | 2 | |
| Arcane Tower | 1 | |
39 total
» build order
01:05 Blacksmith
01:06 Farm
01:08 Altar of Kings
01:12 Barracks
01:18 Farm
02:19 Farm
02:54 Farm
03:05 Farm
03:54 Farm
05:16 Town Hall
05:49 Arcane Vault
05:52 Lumber Mill
07:47 Keep
09:12 Farm
09:53 Scout Tower
09:54 Scout Tower
09:55 Scout Tower
09:56 Scout Tower
10:21 Guard Tower
10:23 Castle
10:32 Workshop
10:47 Guard Tower
11:37 Workshop
11:41 Guard Tower
12:39 Scout Tower
13:59 Arcane Tower
17:39 Farm
17:39 Farm
17:41 Farm
18:16 Scout Tower
18:16 Scout Tower
18:17 Scout Tower
18:18 Scout Tower
18:18 Scout Tower
18:21 Scout Tower
18:55 Guard Tower
19:04 Farm
19:05 Farm
19:06 Farm
» items
| Scroll of Regeneration | 4 | |
| Lesser Clarity Potion | 5 | |
| Potion of Mana | 3 | |
| Scroll of Town Portal | 1 | |
| Potion of Healing | 1 | |
14 total

»
Mike_Pence (
teal | 49 APM | 1513 actions | 30:55)
5 Paladin
3 Holy Light
1 Divine Shield
1 Devotion Aura
4 Mountain King
2 Storm Bolt
2 Bash
» actions
| Assign group hotkey | 30 | |
| Basic commands | 21 | |
| Build / train | 96 | |
| Enter build submenu | 33 | |
| Enter hero's abilities submenu | 9 | |
| Give item / drop item | 4 | |
| Right click | 785 | |
| Select / deselect | 345 | |
| Select group hotkey | 83 | |
| Use ability | 107 | |
1513 total
» units
| Peasant | 19 | |
| Footman | 5 | |
| Priest | 14 | |
| Knight | 10 | |
| Spell Breaker | 3 | |
51 total
» upgrades
| Swords | 3 | |
| Defend | 1 | |
| Plating | 3 | |
| Priest Training | 2 | |
| Lumber Harvesting | 2 | |
| Masonry | 3 | |
| Animal War Training | 1 | |
| Magic Sentry | 1 | |
16 total
» buildings
| Farm | 13 | |
| Altar of Kings | 1 | |
| Barracks | 2 | |
| Blacksmith | 1 | |
| Scout Tower | 16 | |
| Arcane Vault | 1 | |
| Arcane Tower | 2 | |
| Keep | 1 | |
| Town Hall | 1 | |
| Arcane Sanctum | 1 | |
| Castle | 1 | |
| Lumber Mill | 1 | |
| Guard Tower | 4 | |
45 total
» build order
00:44 Farm
01:20 Altar of Kings
01:24 Farm
01:52 Barracks
02:08 Barracks
02:32 Farm
03:04 Blacksmith
03:14 Scout Tower
03:23 Farm
03:38 Arcane Vault
03:47 Arcane Tower
03:53 Farm
04:28 Keep
06:36 Town Hall
07:18 Arcane Sanctum
08:41 Castle
08:49 Lumber Mill
11:09 Scout Tower
11:12 Scout Tower
11:13 Scout Tower
11:20 Scout Tower
12:13 Guard Tower
12:17 Scout Tower
12:23 Scout Tower
12:24 Scout Tower
12:52 Arcane Tower
13:11 Guard Tower
13:18 Scout Tower
13:19 Scout Tower
13:22 Guard Tower
13:50 Farm
13:52 Farm
13:58 Farm
14:31 Guard Tower
17:10 Farm
17:13 Farm
18:17 Farm
18:21 Farm
18:23 Farm
30:28 Scout Tower
30:30 Scout Tower
30:31 Scout Tower
30:32 Scout Tower
30:33 Scout Tower
30:35 Scout Tower
» items
| Scroll of Regeneration | 4 | |
| Circlet of Nobility | 1 | |
| Orb of Fire | 2 | |
| Scroll of Town Portal | 2 | |
| Potion of Healing | 1 | |
10 total
Damien_Thorn (
purple | 48 APM | 1458 actions | 30:26)
2 Archmage
1 Summon Water Elemental
1 Blizzard
» actions
| Basic commands | 11 | |
| Build / train | 121 | |
| Enter build submenu | 42 | |
| Enter hero's abilities submenu | 2 | |
| Give item / drop item | 1 | |
| Right click | 966 | |
| Select / deselect | 250 | |
| Use ability | 65 | |
1458 total
» units
| Peasant | 20 | |
| Siege Engine | 4 | |
| Mortar Team | 25 | |
| Priest | 15 | |
64 total
» upgrades
| Lumber Harvesting | 2 | |
| Masonry | 3 | |
| Gunpowder | 2 | |
| Armor | 2 | |
| Magic Sentry | 1 | |
| Priest Training | 2 | |
| Flare | 1 | |
| Fragmentation Shards | 1 | |
| Barrage | 1 | |
| Plating | 1 | |
16 total
» buildings
| Lumber Mill | 1 | |
| Farm | 8 | |
| Altar of Kings | 2 | |
| Scout Tower | 20 | |
| Guard Tower | 18 | |
| Arcane Tower | 10 | |
| Keep | 1 | |
| Arcane Vault | 2 | |
| Town Hall | 3 | |
| Castle | 1 | |
| Blacksmith | 1 | |
| Arcane Sanctum | 1 | |
| Workshop | 3 | |
71 total
» build order
00:35 Lumber Mill
00:57 Farm
01:14 Altar of Kings
01:26 Farm
01:43 Scout Tower
01:59 Scout Tower
02:04 Scout Tower
02:08 Scout Tower
02:14 Scout Tower
02:28 Scout Tower
02:32 Guard Tower
02:43 Arcane Tower
02:59 Guard Tower
03:07 Arcane Tower
03:07 Arcane Tower
03:35 Guard Tower
03:35 Guard Tower
03:39 Arcane Tower
03:39 Arcane Tower
04:17 Scout Tower
04:20 Scout Tower
04:25 Scout Tower
04:36 Keep
04:48 Arcane Vault
04:58 Guard Tower
05:03 Arcane Tower
05:03 Arcane Tower
05:13 Guard Tower
05:13 Guard Tower
05:18 Scout Tower
05:22 Scout Tower
05:45 Arcane Tower
05:56 Guard Tower
07:04 Town Hall
07:11 Arcane Vault
07:33 Castle
07:40 Blacksmith
08:56 Arcane Sanctum
09:15 Workshop
09:31 Workshop
09:37 Scout Tower
09:55 Scout Tower
10:02 Scout Tower
10:09 Arcane Tower
10:14 Scout Tower
10:41 Farm
10:44 Guard Tower
10:46 Arcane Tower
10:48 Guard Tower
11:00 Scout Tower
12:13 Farm
12:32 Farm
12:36 Farm
13:19 Scout Tower
14:20 Guard Tower
14:20 Guard Tower
14:24 Scout Tower
14:53 Guard Tower
14:53 Guard Tower
14:56 Scout Tower
15:02 Scout Tower
15:36 Guard Tower
15:38 Guard Tower
15:38 Guard Tower
15:51 Town Hall
17:47 Guard Tower
19:03 Farm
19:48 Farm
22:25 Town Hall
23:00 Workshop
24:16 Altar of Kings
» items
| Potion of Healing | 1 | |
| Scroll of Regeneration | 1 | |
| Scroll of Protection | 1 | |
| Potion of Lesser Invulnerability | 1 | |
| Periapt of Vitality | 1 | |
| Potion of Mana | 1 | |
6 total
blazetalent22 (
orange | 145 APM | 5559 actions | 38:24)
6 Archmage
3 Summon Water Elemental
2 Brilliance Aura
1 Mass Teleport
5 Goblin Alchemist
2 Healing Spray
2 Chemical Rage
1 Acid Bomb
» actions
| Assign group hotkey | 103 | |
| Basic commands | 190 | |
| Build / train | 155 | |
| ESC pressed | 7 | |
| Enter build submenu | 48 | |
| Enter hero's abilities submenu | 11 | |
| Give item / drop item | 10 | |
| Right click | 1958 | |
| Select / deselect | 686 | |
| Select group hotkey | 2094 | |
| Use ability | 297 | |
5559 total
» units
| Peasant | 18 | |
| Footman | 4 | |
| Gryphon Rider | 5 | |
| Priest | 4 | |
| Sorceress | 5 | |
| Mortar Team | 1 | |
| Spell Breaker | 2 | |
| Knight | 2 | |
| Rifleman | 7 | |
| Siege Engine | 1 | |
49 total
» upgrades
| Masonry | 3 | |
| Magic Sentry | 1 | |
| Swords | 3 | |
| Animal War Training | 1 | |
| Priest Training | 2 | |
| Armor | 3 | |
| Storm Hammers | 1 | |
| Lumber Harvesting | 2 | |
| Cloud | 1 | |
| Plating | 2 | |
| Fragmentation Shards | 1 | |
| Sorceress Training | 2 | |
| Gunpowder | 2 | |
| Flare | 1 | |
| Long Rifles | 1 | |
| Barrage | 1 | |
27 total
» buildings
| Altar of Kings | 1 | |
| Barracks | 1 | |
| Farm | 15 | |
| Arcane Vault | 2 | |
| Lumber Mill | 1 | |
| Keep | 4 | |
| Town Hall | 1 | |
| Scout Tower | 17 | |
| Blacksmith | 1 | |
| Arcane Tower | 1 | |
| Guard Tower | 22 | |
| Castle | 4 | |
| Arcane Sanctum | 2 | |
| Gryphon Aviary | 2 | |
| Workshop | 3 | |
77 total
» build order
00:49 Altar of Kings
00:51 Barracks
00:53 Farm
01:03 Farm
01:13 Farm
01:50 Arcane Vault
02:01 Farm
03:34 Lumber Mill
03:51 Keep
03:51 Keep
04:39 Town Hall
05:13 Scout Tower
05:15 Scout Tower
05:47 Blacksmith
05:53 Arcane Tower
06:48 Guard Tower
06:49 Scout Tower
06:50 Scout Tower
06:51 Scout Tower
06:59 Castle
06:59 Castle
07:15 Scout Tower
07:16 Scout Tower
07:21 Arcane Sanctum
07:23 Guard Tower
07:24 Guard Tower
07:24 Guard Tower
07:25 Guard Tower
08:04 Gryphon Aviary
08:16 Guard Tower
08:36 Guard Tower
11:31 Farm
14:19 Workshop
14:20 Workshop
14:33 Farm
14:54 Gryphon Aviary
15:29 Scout Tower
17:33 Guard Tower
17:33 Guard Tower
17:33 Guard Tower
17:35 Scout Tower
17:37 Scout Tower
17:58 Scout Tower
17:58 Scout Tower
17:59 Scout Tower
18:10 Guard Tower
18:12 Guard Tower
18:13 Guard Tower
18:13 Guard Tower
18:33 Guard Tower
18:33 Guard Tower
18:34 Guard Tower
18:34 Guard Tower
18:34 Guard Tower
18:36 Scout Tower
18:36 Scout Tower
21:10 Arcane Sanctum
21:13 Workshop
21:23 Guard Tower
22:49 Farm
22:50 Farm
22:52 Farm
22:55 Farm
22:58 Farm
28:08 Farm
28:09 Farm
29:21 Scout Tower
29:21 Scout Tower
29:23 Keep
29:23 Keep
30:34 Guard Tower
30:34 Guard Tower
30:35 Arcane Vault
33:01 Castle
33:01 Castle
36:28 Farm
36:37 Farm
» items
| Scroll of Regeneration | 4 | |
| Mechanical Critter | 4 | |
| Boots of Speed | 1 | |
| Staff of Teleportation | 1 | |
| Scroll of Protection | 3 | |
| Periapt of Vitality | 1 | |
| Potion of Lesser Invulnerability | 2 | |
| Orb of Fire | 1 | |
| Staff of Sanctuary | 1 | |
| Scroll of Town Portal | 3 | |
| Potion of Healing | 1 | |
| Potion of Invisibility | 1 | |
23 total
team 2 (winner)
ColdAsWinter (
green | 98 APM | 3667 actions | 37:21)
6 Blademaster
3 Wind Walk
2 Critical Strike
1 Bladestorm
4 Tauren Chieftain
2 Endurance Aura
1 Shockwave
1 War Stomp
5 Shadow Hunter
2 Hex
3 Healing Wave
» actions
| Assign group hotkey | 44 | |
| Basic commands | 37 | |
| Build / train | 148 | |
| ESC pressed | 8 | |
| Enter build submenu | 25 | |
| Enter hero's abilities submenu | 15 | |
| Give item / drop item | 7 | |
| Right click | 1834 | |
| Select / deselect | 468 | |
| Select group hotkey | 866 | |
| Use ability | 215 | |
3667 total
» units
| Peon | 18 | |
| Grunt | 7 | |
| Wind Rider | 14 | |
| Shaman | 14 | |
| Troll Batrider | 8 | |
61 total
» upgrades
| Pillage | 1 | |
| Spiked Barricades | 1 | |
| Melee Weapons | 1 | |
| Ranged Weapons | 3 | |
| Berserker Strength | 1 | |
| Shaman Training | 2 | |
| Reinforced Defenses | 1 | |
| Envenomed Spears | 1 | |
| Liquid Fire | 1 | |
| Armor | 2 | |
14 total
» buildings
| Altar of Storms | 2 | |
| Orc Burrow | 8 | |
| Voodoo Lounge | 2 | |
| Barracks | 1 | |
| War Mill | 1 | |
| Stronghold | 2 | |
| Great Hall | 1 | |
| Beastiary | 2 | |
| Spirit Lodge | 1 | |
| Watch Tower | 4 | |
| Fortress | 1 | |
25 total
» build order
00:03 Altar of Storms
00:05 Altar of Storms
00:07 Orc Burrow
00:32 Voodoo Lounge
01:20 Orc Burrow
02:01 Orc Burrow
02:22 Barracks
02:28 Orc Burrow
03:11 War Mill
03:54 Stronghold
03:54 Stronghold
05:26 Great Hall
05:28 Orc Burrow
07:22 Beastiary
07:25 Beastiary
07:29 Spirit Lodge
08:27 Watch Tower
08:34 Watch Tower
09:24 Fortress
10:16 Orc Burrow
12:42 Watch Tower
12:48 Watch Tower
12:54 Voodoo Lounge
13:21 Orc Burrow
13:51 Orc Burrow
» items
| Lesser Clarity Potion | 17 | |
| Healing Salve | 11 | |
| Scroll of Speed | 7 | |
| Orb of Lightning | 1 | |
| Scroll of Town Portal | 5 | |
| Scroll of Regeneration | 1 | |
| Potion of Lesser Invulnerability | 1 | |
43 total
iMAGiNE] (
red | 97 APM | 3479 actions | 35:44)
4 Blood Mage
2 Flame Strike
2 Siphon Mana
3 Paladin
1 Divine Shield
2 Holy Light
» actions
| Assign group hotkey | 575 | |
| Basic commands | 244 | |
| Build / train | 116 | |
| ESC pressed | 4 | |
| Enter build submenu | 38 | |
| Enter hero's abilities submenu | 7 | |
| Remove unit from queue | 9 | |
| Right click | 1242 | |
| Select / deselect | 608 | |
| Select group hotkey | 541 | |
| Use ability | 95 | |
3479 total
» units
| Peasant | 22 | |
| Mortar Team | 16 | |
| Sorceress | 10 | |
| Priest | 3 | |
| Flying Machine | 11 | |
| Siege Engine | 4 | |
66 total
» upgrades
| Lumber Harvesting | 1 | |
| Gunpowder | 3 | |
| Sorceress Training | 1 | |
| Flare | 1 | |
| Masonry | 1 | |
| Fragmentation Shards | 1 | |
| Flak Cannons | 1 | |
| Plating | 1 | |
| Armor | 1 | |
| Barrage | 1 | |
12 total
» buildings
| Altar of Kings | 1 | |
| Farm | 15 | |
| Arcane Vault | 1 | |
| Keep | 2 | |
| Town Hall | 1 | |
| Blacksmith | 1 | |
| Scout Tower | 8 | |
| Lumber Mill | 2 | |
| Workshop | 3 | |
| Guard Tower | 10 | |
| Arcane Sanctum | 1 | |
| Castle | 2 | |
47 total
» build order
00:11 Altar of Kings
00:16 Farm
01:14 Arcane Vault
01:20 Farm
01:56 Farm
02:33 Keep
02:33 Keep
03:44 Town Hall
03:48 Blacksmith
03:50 Scout Tower
03:51 Scout Tower
03:54 Scout Tower
04:08 Lumber Mill
05:13 Lumber Mill
05:46 Workshop
06:02 Farm
06:23 Guard Tower
06:52 Arcane Sanctum
07:02 Scout Tower
07:27 Guard Tower
07:27 Guard Tower
07:30 Scout Tower
07:31 Guard Tower
07:31 Guard Tower
08:02 Workshop
08:13 Farm
08:15 Farm
08:16 Farm
08:27 Guard Tower
08:49 Scout Tower
09:32 Farm
09:41 Guard Tower
09:44 Scout Tower
09:57 Farm
10:01 Castle
10:01 Castle
10:02 Farm
10:03 Farm
10:34 Farm
11:29 Farm
11:35 Guard Tower
11:35 Guard Tower
11:44 Farm
11:48 Scout Tower
14:21 Farm
14:23 Guard Tower
17:23 Workshop
» items
ralphmacchio4 (
pink | 100 APM | 3536 actions | 35:32)
7 Archmage
3 Blizzard
3 Brilliance Aura
1 Mass Teleport
» actions
| Assign group hotkey | 29 | |
| Basic commands | 303 | |
| Build / train | 59 | |
| ESC pressed | 8 | |
| Enter build submenu | 26 | |
| Enter hero's abilities submenu | 7 | |
| Give item / drop item | 1 | |
| Right click | 1298 | |
| Select / deselect | 387 | |
| Select group hotkey | 1321 | |
| Use ability | 97 | |
3536 total
» units
| Peasant | 8 | |
| Rifleman | 14 | |
| Sorceress | 10 | |
32 total
» upgrades
| Long Rifles | 1 | |
| Sorceress Training | 2 | |
| Gunpowder | 3 | |
| Masonry | 3 | |
9 total
» buildings
| Farm | 11 | |
| Altar of Kings | 1 | |
| Barracks | 1 | |
| Blacksmith | 2 | |
| Lumber Mill | 2 | |
| Arcane Vault | 1 | |
| Keep | 1 | |
| Arcane Sanctum | 2 | |
| Castle | 1 | |
| Town Hall | 3 | |
25 total
» build order
00:30 Farm
01:11 Altar of Kings
01:16 Barracks
01:19 Blacksmith
01:29 Farm
02:04 Lumber Mill
02:09 Lumber Mill
02:14 Farm
02:27 Arcane Vault
02:55 Farm
04:10 Keep
04:43 Farm
05:53 Farm
06:59 Arcane Sanctum
07:01 Arcane Sanctum
07:25 Castle
07:31 Farm
10:25 Farm
11:16 Farm
13:00 Farm
17:52 Farm
18:03 Blacksmith
19:19 Town Hall
27:43 Town Hall
28:47 Town Hall
» items
| Scroll of Regeneration | 3 | |
| Scroll of Town Portal | 3 | |
6 total
JinDiner (
yellow | 51 APM | 1946 actions | 38:25)
8 Blademaster
3 Wind Walk
3 Critical Strike
1 Bladestorm
1 Mirror Image
» actions
| Assign group hotkey | 39 | |
| Basic commands | 72 | |
| Build / train | 80 | |
| Enter build submenu | 69 | |
| Enter hero's abilities submenu | 8 | |
| Give item / drop item | 12 | |
| Remove unit from queue | 2 | |
| Right click | 893 | |
| Select / deselect | 306 | |
| Select group hotkey | 311 | |
| Use ability | 154 | |
1946 total
» units
| Peon | 19 | |
| Grunt | 5 | |
| Demolisher | 6 | |
| Troll Witch Doctor | 1 | |
| Wind Rider | 3 | |
34 total
» upgrades
| Reinforced Defenses | 1 | |
| Burning Oil | 1 | |
| Witch Doctor Training | 1 | |
| Ranged Weapons | 3 | |
| Armor | 3 | |
| Spiked Barricades | 1 | |
| Troll Regeneration | 1 | |
| Liquid Fire | 1 | |
| Envenomed Spears | 1 | |
| Ensnare | 1 | |
| Pillage | 1 | |
15 total
» buildings
| Orc Burrow | 6 | |
| Altar of Storms | 1 | |
| Barracks | 3 | |
| Voodoo Lounge | 4 | |
| Stronghold | 1 | |
| War Mill | 3 | |
| Great Hall | 2 | |
| Fortress | 1 | |
| Watch Tower | 46 | |
| Beastiary | 4 | |
| Spirit Lodge | 1 | |
72 total
» build order
00:10 Orc Burrow
00:52 Orc Burrow
01:00 Altar of Storms
01:03 Barracks
01:38 Voodoo Lounge
01:46 Voodoo Lounge
02:51 Stronghold
04:33 War Mill
04:35 Orc Burrow
05:09 Great Hall
07:05 Fortress
08:24 Watch Tower
08:25 Watch Tower
08:25 Watch Tower
08:25 Watch Tower
08:35 Watch Tower
08:35 Watch Tower
08:35 Watch Tower
09:42 Watch Tower
09:43 Watch Tower
09:43 Watch Tower
09:44 Watch Tower
11:50 Watch Tower
11:51 Watch Tower
11:52 Watch Tower
11:52 Watch Tower
11:53 Watch Tower
11:53 Watch Tower
11:54 Watch Tower
12:03 Voodoo Lounge
12:05 Watch Tower
12:06 Watch Tower
13:20 Beastiary
14:17 Barracks
14:18 Barracks
16:10 War Mill
17:00 Spirit Lodge
17:14 War Mill
22:46 Great Hall
22:48 Watch Tower
22:49 Watch Tower
22:49 Watch Tower
22:49 Watch Tower
22:54 Watch Tower
22:54 Watch Tower
22:54 Watch Tower
22:55 Watch Tower
23:25 Watch Tower
23:25 Watch Tower
23:27 Watch Tower
23:37 Watch Tower
24:11 Watch Tower
24:11 Watch Tower
24:12 Watch Tower
24:13 Watch Tower
24:32 Watch Tower
24:32 Watch Tower
24:36 Watch Tower
24:40 Watch Tower
24:41 Watch Tower
24:48 Voodoo Lounge
24:53 Watch Tower
25:09 Watch Tower
25:09 Watch Tower
25:23 Watch Tower
25:23 Watch Tower
28:35 Orc Burrow
28:37 Orc Burrow
28:52 Beastiary
28:52 Beastiary
28:53 Beastiary
33:24 Orc Burrow
» items
| Healing Salve | 5 | |
| Lesser Clarity Potion | 2 | |
| Scroll of Town Portal | 1 | |
| Potion of Mana | 2 | |
| Potion of Healing | 2 | |
| Orb of Lightning | 1 | |
| Staff of Teleportation | 1 | |
| Tiny Great Hall | 2 | |
| Periapt of Vitality | 1 | |
| Potion of Lesser Invulnerability | 1 | |
18 total
Chat log
(00:24 / Allies) iMAGiNE]: invis morts
(06:29 / Allies) iMAGiNE]: cuck
(06:46 / Allies) ralphmacchio4: BRING YOUR UNITS
(06:50 / Allies) JinDiner: all my grunts are hurt bro soz
(07:14 / All) ShaggyDI: only 4 there eh?
(07:42 / Allies) JinDiner: what units red?
(07:47 / Allies) iMAGiNE]: invisible morts
(07:49 / Allies) iMAGiNE]: watch
(08:30 / Allies) JinDiner: forgot about my expo lol
(08:37 / Allies) ralphmacchio4: more tower
(08:43 / Allies) iMAGiNE]: wood
(08:50 / Allies) ralphmacchio4: put peons on wood if you need
(08:53 / Allies) ralphmacchio4: you have 2K gold
(08:56 / Allies) iMAGiNE]: plenty
(09:00 / Allies) iMAGiNE]: gold is fine
(09:00 / Allies) ralphmacchio4: put them on wood instead
(09:01 / Allies) iMAGiNE]: relax
(09:20 / Allies) iMAGiNE]: never understood why people waste gold
(09:23 / Allies) iMAGiNE]: beacuse its stacked
(09:25 / Allies) iMAGiNE]: silly
(10:46 / Allies) ralphmacchio4: one of you needs to make tauren
(11:05 / Allies) iMAGiNE]: kk
(11:07 / Allies) ralphmacchio4: now they go aa for you
(11:56 / Allies) ralphmacchio4: hit their town
(11:59 / Allies) iMAGiNE]: sec
(12:01 / Allies) ralphmacchio4: if you go invisimort
(12:01 / Allies) iMAGiNE]: 90%
(12:03 / Allies) iMAGiNE]: done
(12:05 / Allies) iMAGiNE]: can u fuck off
(12:06 / Allies) iMAGiNE]: like
(12:09 / Allies) iMAGiNE]: play your own
(12:09 / Allies) iMAGiNE]: game
(12:12 / Allies) iMAGiNE]: control freak
(13:15 / Allies) iMAGiNE]: kids maphacking
(13:18 / Allies) iMAGiNE]: look
(13:23 / All) iMAGiNE]: so obvious
(13:27 / All) ShaggyDI: i got wards kid
(13:39 / All) iMAGiNE]: Blatant mh
(13:43 / All) ralphmacchio4: if you got wards, why not attack?
(13:43 / Allies) JinDiner: should have hit that bro
(13:45 / All) ShaggyDI: u ran over wardes
(13:49 / All) blazetalent22: magic sentry is maphack
(13:51 / All) blazetalent22: apparently
(13:52 / All) ralphmacchio4: wards that follow
(13:53 / All) iMAGiNE]: no
(13:54 / All) ralphmacchio4: and don't let you attack
(13:56 / All) iMAGiNE]: he was followign me
(13:58 / All) iMAGiNE]: middlf oe map
(14:07 / All) iMAGiNE]: 100% cheating
(14:12 / All) ralphmacchio4: pretty much
(14:23 / All) ralphmacchio4: if you could see him and follow him, why couldn't you attack him?
(14:27 / All) iMAGiNE]: ^
(14:30 / All) ShaggyDI: because hes invis
(14:33 / All) iMAGiNE]: no
(14:35 / All) iMAGiNE]: Wards break that
(14:37 / Allies) iMAGiNE]: moron
(14:39 / All) iMAGiNE]: moron
(14:44 / All) iMAGiNE]: fucking maphacker
(14:53 / All) ShaggyDI: u ran over them
(14:56 / All) ShaggyDI: they can't follow u
(15:07 / All) iMAGiNE]: dude, wards reveal invisible units
(15:11 / All) iMAGiNE]: you said wards
(15:12 / All) iMAGiNE]: so
(15:13 / All) ShaggyDI: no shit
(15:15 / All) ShaggyDI: u ran over them
(15:15 / All) iMAGiNE]: what is it
(15:18 / All) ShaggyDI: then went out of range
(15:21 / All) iMAGiNE]: no
(15:24 / All) iMAGiNE]: you exact followed me
(15:28 / All) iMAGiNE]: Across the map
(15:30 / All) iMAGiNE]: Watch replay
(15:31 / All) iMAGiNE]: fucking hacker
(15:35 / All) blazetalent22: wahh wahh wahh
(15:36 / All) ShaggyDI: good watch replay
(15:39 / All) iMAGiNE]: your on my tk list
(15:41 / All) iMAGiNE]: big guy
(15:45 / All) ShaggyDI: u blow anywayskids
(15:47 / All) iMAGiNE]: lmfao
(15:49 / Allies) iMAGiNE]: rank 45
(15:54 / All) iMAGiNE]: Come clan GGL
(15:55 / All) iMAGiNE]: We can solo
(16:03 / All) blazetalent22: need a wahhhmbulance?
(16:05 / All) ShaggyDI: ya ill solo u
(16:08 / Allies) iMAGiNE]: any of you
(16:20 / All) iMAGiNE]: that's like grade 7 orange
(16:28 / All) iMAGiNE]: isnt it past your bedtime kiddo
(16:29 / All) blazetalent22: WAHHH
(16:30 / All) blazetalent22: WAHHHH
(16:31 / All) blazetalent22: WAHHHHHH
(16:35 / All) iMAGiNE]: seems so
(16:48 / All) blazetalent22: WAHHH
(16:58 / All) iMAGiNE]: i can get you a bottle if you're cranky
(19:24 / Allies) ralphmacchio4: go
(19:24 / All) iMAGiNE]: Yall need jesuss
(22:32 / Allies) ralphmacchio4: send a bm or something
(22:36 / Allies) ralphmacchio4: jeez
(22:49 / Allies) ralphmacchio4: and now its 3 on 4
(25:52 / Allies) JinDiner: wood?
(30:23 / All) iMAGiNE]: lmfao
(30:24 / All) iMAGiNE]: Gg
(30:30 / All) blazetalent22: surrendering already?
(30:41 / All) iMAGiNE]: go cry somewhere
(30:45 / All) blazetalent22: why don;t you
(30:49 / All) blazetalent22: leave now and save the butthurt
(32:09 / Allies) iMAGiNE]: let it go
(32:11 / Allies) iMAGiNE]: just kill him
(34:46 / Allies) iMAGiNE]: yellow?
(34:49 / Allies) iMAGiNE]: you tking?
(34:54 / Allies) iMAGiNE]: ok
(34:55 / Allies) JinDiner: Yes
(34:56 / Allies) iMAGiNE]: lo
(35:01 / Allies) JinDiner: Repossessing a win
(35:01 / Allies) iMAGiNE]: why tho?
(35:05 / Allies) JinDiner: I'm a win repo man
(35:08 / Allies) iMAGiNE]: lmao
(35:10 / Allies) iMAGiNE]: really dont care
(35:12 / Allies) iMAGiNE]: play for fun
(35:17 / Allies) iMAGiNE]: actually helpng me
(35:20 / Allies) iMAGiNE]: i was abusing
(35:22 / Allies) iMAGiNE]: to find more games
(35:27 / Allies) iMAGiNE]: so this works out
(35:32 / Allies) iMAGiNE]: but you also just got added to the tk list
(35:33 / All) ColdAsWinter: well that was fun lmao
(35:34 / All) blazetalent22: out
(35:36 / All) ColdAsWinter: Gg
(35:39 / All) blazetalent22: ez
(35:41 / Allies) JinDiner: Please no, not the tk list
(35:49 / All) JinDiner: I got added to red's tk list
(35:56 / All) JinDiner: I'm gonna be stressing out about that all night
(36:08 / All) blazetalent22: you shouldn't have killed blue and then massed towers there
(36:11 / All) blazetalent22: completely screwed me over
(36:17 / All) blazetalent22: and they had clear path to my base from a fortified position
(36:26 / All) JinDiner: Yeah, that's true
(36:31 / All) JinDiner: I should have taken far left expo instead
(36:49 / All) JinDiner: I didn't think about red clearing trees and backdooring your bsae
(37:12 / All) JinDiner: Far left on my side I mean
(37:28 / All) JinDiner: stats
(37:45 / All) blazetalent22: 208-187 blue
(37:50 / All) blazetalent22: 49-38 teal
(37:53 / All) JinDiner: green 39-24
(37:55 / All) blazetalent22: 1-1 purp
(37:59 / All) JinDiner: Green prob best rec
(38:01 / All) blazetalent22: Blue was a shit talker too
(38:06 / All) JinDiner: what did he say
(38:14 / All) blazetalent22: kept bitching about me having no units lol
(38:16 / All) JinDiner: Want to give blue loss?
(38:20 / All) blazetalent22: yeah
(38:23 / All) blazetalent22: Blue lose